 Dungeon Crawl Stone Soup version 0.18.1-50-g88ac8fd (console) character file.

104 Goblin1989 the Stinger (level 4, -3/27 HPs)
             Began as a Demonspawn Venom Mage on Sept 20, 2016.
             Killed from afar by an orc wizard (5 damage)
             ... with a puff of flame
             ... on level 3 of the Dungeon.
             The game lasted 00:20:56 (2832 turns).

Goblin1989 the Stinger (Demonspawn Venom Mage)      Turns: 2832, Time: 00:20:57

Health: -3/27      AC:  3    Str:  7 (9)  XL:     4   Next: 52%
Magic:  1/6        EV: 12    Int: 14 (17) God:
Gold:   133        SH:  0    Dex: 14 (16) Spells: 2 memorised, 4 levels left

rFire  . . .     SeeInvis .     j - +0 short sword (drain)
rCold  . . .     Gourm    .     a - +0 robe
rNeg   . . .     Faith    .     (no shield)
rPois  .         Spirit   .     (no helmet)
rElec  .         Dismiss  .     (no cloak)
rCorr  .         Reflect  .     (no gloves)
SustAt .         Harm     .     f - +0 pair of boots
MR     +....                    (no amulet)
Stlth  +++.......               u - +3 ring of dexterity
                                m - ring of protection from magic

@: somewhat resistant to hostile enchantments, fairly stealthy
A: claws 1, frail 1, low mp 2, nightstalker 1
a: no special abilities


You were on level 3 of the Dungeon.
You were not hungry.

You visited 1 branch of the dungeon, and saw 3 of its levels.

You collected 133 gold pieces.

Inventory:

Hand Weapons
 j - a +0 short sword of draining (weapon)
Missiles
 A - a poisoned tomahawk (quivered)
Armour
 a - a +0 robe (worn)
 f - a +0 pair of boots (worn)
 p - a +0 pair of gloves
Jewellery
 k - an uncursed ring of fire
 m - a ring of protection from magic (left claw)
 u - a +3 ring of dexterity (right claw)
 x - an uncursed ring of stealth
Scrolls
 d - a scroll of amnesia {unknown}
 e - a scroll of remove curse {unknown}
 g - 2 scrolls of enchant weapon {unknown}
 h - 3 scrolls of identify {unknown}
 l - a scroll of enchant armour {unknown}
 q - a scroll of magic mapping {unknown}
 t - a scroll of fog {unknown}
 w - a scroll of blinking {unknown}
 C - a scroll of teleportation {unknown}
Potions
 n - a potion of brilliance {unknown}
 o - a potion of degeneration {!q}
 v - a potion of agility {unknown}
 z - a potion of heal wounds {unknown}
 B - a potion of curing {unknown}
Books
 b - a Young Poisoner's Handbook

   Spells                             Type                      Level
   a - Sting                          Conjuration/Poison           1
   b - Cure Poison                    Poison                       2
   c - Mephitic Cloud                 Conjuration/Poison/Air       3
   d - Olgreb's Toxic Radiance        Poison                       4
   e - Venom Bolt                     Conjuration/Poison           5
 y - a book of Power

   Spells                             Type                      Level
   a - Fulminant Prism                Conjuration/Hexes            4
   b - Iskenderun's Mystic Blast      Conjuration                  4
   c - Venom Bolt                     Conjuration/Poison           5
   d - Bolt of Magma                  Conjuration/Fire/Earth       5
   e - Iron Shot                      Conjuration/Earth            6
   f - Orb of Destruction             Conjuration                  7
   g - Spellforged Servitor           Conjuration/Summoning        7
Comestibles
 c - 3 bread rations
 r - a beef jerky
 s - a meat ration
 D - 2 chunks of flesh


   Skills:
 - Level 1.7 Dodging
 - Level 1.7 Stealth
 + Level 2.5 Spellcasting
 * Level 2.0 Conjurations
 * Level 5.1 Poison Magic


You had 4 spell levels left.
You knew the following spells:

 Your Spells              Type           Power        Failure   Level  Hunger
a - Sting                 Conj/Pois      ##..         6%          1    #......
m - Mephitic Cloud        Conj/Pois/Air  #.......     24%         3    ###....


Dungeon Overview and Level Annotations

Branches:
Dungeon (3/15)

Altars:
Cheibriados
Dithmenos
Elyvilon
Okawaru
Pakellas
Qazlal
Zin
The Shining One


Innate Abilities, Weirdness & Mutations

You have sharp fingernails.
You are slightly more attuned to the shadows.
You are frail (-10% HP).
Your magical capacity is very low (-20% MP).


Message History

The puff of flame hits you!
* * * LOW HITPOINT WARNING * * *
You take 5 damage, and have 4/30 hp.
You miss something. Something hits you.
* * * LOW HITPOINT WARNING * * *
You take 2 damage, and have 2/30 hp.
Drink which item? (? for menu, Esc to quit)
It was a potion of degeneration.
There was something very wrong with that liquid.
You feel weakened.
You feel dopey.
You feel clumsy.
You hear some strange, mumbled words.
A puff of flame appears from out of thin air!
The puff of flame misses you.
Drink which item? (? for menu, Esc to quit)
It was a potion of mutation.
You feel extremely strange.
You feel frail.
You feel less energetic. x2
You hear some strange, mumbled words.
A puff of flame appears from out of thin air!
The puff of flame hits you!
You die...

......ਜ ਜਜਜਜਜ....
...ਜ ਜਜਜ.)ਜਜਜ
ਜਜਜਜਜਜ.ਜ.
ਜ..ਜ.ਜਜ......ਜ
ਜ....ਜ.ਜ.
ਜ..ਜ.ਜਜਜ.ਜਜhਜਜ
ਜ.ਜਜ...ਜ.
ਜਜਜਜ..ਜ.ਜਜਜ.ਜਜo.ਜ
ਜ.ਜਜਜਜ.ਜਜ
.............ਜਜoਜ
ਜ.ਜ ਜ.ਜਜ
ਜ.ਜਜ..ਜ.ਜਜਜਜ.ਜਜhਜ
ਜ.ਜਜਜਜ...
..ਜਜ..ਜ.ਜਜਜਜ.ਜਜ{ਜ
ਜ........
ਜ.ਜਜ.......<..@.ਜ
ਜ..ਜਜਜਜਜ.
ਜਜਜ.ਜਜ.ਜਜ.ਜਜਜਜ.ਜਜਜਜ
ਜ..ਜ ਜਜ
....ਜਜ.ਜ.ਜ.ਜਜਜ.ਜ
ਜਜਜ..ਜ ਜ
.......(ਜਜਜ.ਜਜ)ਜ
ਜ....ਜਜਜ ਜ
ਜਜਜ..÷.ਜਜ ਜਜ...ਜ
ਜ.ਜ..).ਜ
ਜਜਜਜਜ.ਜਜਜ.ਜਜਜਜ
ਜ.ਜਜ.ਜ.ਜ ਜਜ.ਜ.ਜਜ ਜ
ਜਜਜ.ਜ ਜਜ.ਜਜ ਜ.ਜਜਜਜ
ਜ.ਜਜਜਜ.ਜਜ ਜ.....


You could see an orc and a jackal.

Vanquished Creatures
  An orc priest (D:3)
  A gnoll (D:1)
  4 dart slugs
  2 giant geckos
  An orc (D:3)
  8 bats
  3 giant cockroaches
  9 goblins
  3 hobgoblins (D:1)
  5 jackals
  6 kobolds
  2 quokkas
  5 giant newts
  A quokka skeleton (D:3)
  2 rats (D:3)
53 creatures vanquished.

Notes
Turn   | Place    | Note
--------------------------------------------------------------
     0 | D:1      | Goblin1989 the Demonspawn Venom Mage began the quest for the Orb.
     0 | D:1      | Reached XP level 1. HP: 13/13 MP: 3/3
   179 | D:1      | Gained mutation: You are slightly more attuned to the shadows. [demonic ancestry]
   179 | D:1      | Reached XP level 2. HP: 17/19 MP: 0/5
  1107 | D:1      | Reached XP level 3. HP: 20/24 MP: 2/6
  1353 | D:1      | Reached skill level 1 in Conjurations
  1539 | D:2      | Learned a level 3 spell: Mephitic Cloud
  1718 | D:2      | Found a white marble altar of Elyvilon.
  2269 | D:3      | Reached skill level 5 in Poison Magic
  2375 | D:3      | Found a stormy altar of Qazlal.
  2375 | D:3      | Found a snail-covered altar of Cheibriados.
  2386 | D:3      | Gained mutation: You have sharp fingernails. [demonic ancestry]
  2386 | D:3      | Reached XP level 4. HP: 30/30 MP: 0/7
  2643 | D:3      | Found a shadowy altar of Dithmenos.
  2662 | D:3      | Found an oddly glowing altar of Pakellas.
  2663 | D:3      | Found a glowing silver altar of Zin.
  2667 | D:3      | Found a glowing golden altar of the Shining One.
  2671 | D:3      | Found an iron altar of Okawaru.
  2832 | D:3      | Gained mutation: You are frail (-10% HP). [potion of mutation]
  2832 | D:3      | Gained mutation: Your magical capacity is low (-10% MP). [potion of mutation]
  2832 | D:3      | Gained mutation: Your magical capacity is very low (-20% MP). [potion of mutation]
  2832 | D:3      | Killed from afar by an orc wizard

Skill      XL: |  1  2  3  4 |
---------------+-------------+-----
Conjurations   | 1 2 |  2.0
Poison Magic   | 5 |  5.1
Dodging        | |  1.7
Stealth        | |  1.7
Spellcasting   | |  2.5

Action                   |  1- 3 |  4- 6 || total
-------------------------+-------+-------++-------
Melee: Unarmed           |     4 |       ||     4
       Short sword       |    10 |    18 ||    28
 Cast: Sting             |    93 |    15 ||   108
       Mephitic Cloud    |       |     2 ||     2
  Use: Potion            |       |     2 ||     2
 Stab: Confused          |       |     3 ||     3
  Eat: Chunk             |     6 |     1 ||     7
Armor: Robe              |    20 |    13 ||    33
Dodge: Dodged            |    42 |    23 ||    65

Vault maps used:
D:1:      eino_arrival_cavern_c
D:2:      first_bread, elyvilon_altar_1
D:3:      minitemple, minmay_misc_feat_alley
